AoeStats
← GdN_ZzZzZzZz

Arena

510305236Analyzed
4v4 RM · 2d ago on Sep 30, 2026· 57m 5s· 8 players
Game mode
Random Map
Map size
Large (8 player)
Population
200
Speed
Normal
Resources
Standard
Victory
Conquest
Starting age
Dark Age
Ending age
Imperial Age
RankedLock teamsTeams togetherTeam positionsShared explorationLock speedFull tech treeHidden civsTurbo modeCheats
Victory
Defeat
🇨🇳 Ethiopians · China
1103
+15
🇰🇿 Mongols · Kazakhstan
1093
+15
🇰🇿 Franks · Kazakhstan
1069
+16
🇹🇷 Burmese · Türkiye
1045
+17
🇨🇱 Portuguese · Chile
1116
-18
🇨🇳 Georgians · China
1106
-17
🇦🇷 Khmer · Argentina
1057
-15
🇨🇱 Britons · Chile
994
-13
Fenrir
2:44 Loom
11:07 Feudal Age
11:37 Horse Collar
12:57 Wheelbarrow
13:29 Town Watch
16:40 Padded Archer Armor
17:08 Fletching
19:34 Castle Age
18:34 Forging
18:27 Gold Mining
18:57 Scale Barding Armor
19:00 Stone Mining
20:44 Heavy Plow
22:16 Bodkin Arrow
25:34 Gold Shaft Mining
27:05 Scale Mail Armor
28:07 Fortified Wall
29:18 Hand Cart
29:52 Iron Casting
30:26 Masonry
30:51 Chain Barding Armor
33:56 Imperial Age
32:21 Ballistics
35:03 Elite Arambai
36:09 Bracer
zanzan114514
10:11 Feudal Age
11:12 Double-Bit Axe
13:46 Castle Age
11:49 Horse Collar
14:32 Wheelbarrow
14:41 Bow Saw
20:23 Hand Cart
22:18 Heavy Plow
23:35 Gold Mining
23:35 Stone Mining
25:42 Gold Shaft Mining
25:50 Loom
29:38 Imperial Age
27:20 Fletching
27:30 Padded Archer Armor
27:57 Ballistics
27:45 Town Watch
27:57 Bodkin Arrow
27:56 Crossbowman
29:21 Town Patrol
30:09 Leather Archer Armor
31:07 Conscription
30:11 Arbalester
30:57 Thumb Ring
30:57 Bracer
31:28 Ring Archer Armor
31:43 Thumb Ring
33:28 Two-Man Saw
34:09 Chemistry
33:41 Ring Archer Armor
36:38 Coinage
36:47 Stone Shaft Mining
39:45 Banking
Samuraika01
0:26 Loom
11:01 Feudal Age
12:06 Double-Bit Axe
17:13 Castle Age
19:16 Bow Saw
20:29 Wheelbarrow
19:57 Husbandry
21:21 Gold Mining
25:04 Forging
26:31 Scale Barding Armor
28:06 Iron Casting
28:41 Stone Mining
29:29 Gold Shaft Mining
29:45 Hand Cart
30:00 Fervor
31:50 Chain Barding Armor
36:15 Sanctity
39:06 Imperial Age
38:20 Padded Archer Armor
39:07 Ballistics
38:58 Masonry
39:29 Capped Ram
41:24 Blast Furnace
40:59 Plate Barding Armor
39:46 Cavalier
41:12 Fletching
41:28 Elite Throwing Axeman
45:00 Paladin
46:38 Bodkin Arrow
46:58 Leather Archer Armor
48:17 Leather Archer Armor
49:24 Chemistry
48:45 Squires
48:31 Arson
48:47 Scale Mail Armor
49:26 Pikeman
55:17 Light Cavalry
BatuKhan
2:33 Loom
10:36 Feudal Age
15:35 Castle Age
13:51 Double-Bit Axe
21:05 Horse Collar
23:34 Wheelbarrow
23:28 Fervor
25:23 Heavy Plow
25:35 Bow Saw
28:06 Hand Cart
28:33 Nomads
32:08 Imperial Age
29:30 Gold Mining
29:31 Stone Mining
30:49 Fletching
30:59 Padded Archer Armor
31:39 Thumb Ring
32:01 Bodkin Arrow
32:28 Bloodlines
32:18 Husbandry
33:13 Gold Shaft Mining
34:07 Chemistry
34:09 Conscription
33:53 Bracer
34:09 Leather Archer Armor
33:28 Elite Mangudai
33:40 Light Cavalry
35:37 Ballistics
36:16 Parthian Tactics
36:47 Forging
36:43 Scale Barding Armor
36:03 Hussar
38:35 Iron Casting
39:20 Chain Barding Armor
55:03 Blast Furnace
56:49 Elite Skirmisher
GdN_ZzZzZzZz
7:32 Loom
9:57 Feudal Age
10:42 Double-Bit Axe
10:43 Horse Collar
19:06 Castle Age
17:18 Gold Mining
17:42 Fletching
18:18 Padded Archer Armor
19:55 Wheelbarrow
19:05 Town Watch
19:57 Crossbowman
21:06 Bodkin Arrow
21:58 Leather Archer Armor
23:09 Gold Shaft Mining
23:07 Ballistics
24:40 Hand Cart
25:21 Bow Saw
26:51 Murder Holes
27:11 Heavy Plow
28:15 Stone Mining
27:54 Pikeman
28:21 Gambesons
28:38 Scale Mail Armor
29:34 Chain Mail Armor
33:51 Imperial Age
31:52 Forging
35:04 Town Patrol
37:28 Bracer
38:50 Chemistry
38:01 Fortified Wall
38:45 Elite Skirmisher
Zayko
8:51 Loom
10:37 Feudal Age
14:54 Castle Age
13:10 Double-Bit Axe
14:54 Wheelbarrow
16:07 Bow Saw
26:36 Imperial Age
25:29 Gold Mining
26:03 Hand Cart
28:01 Gold Shaft Mining
27:19 Stone Mining
27:54 Scale Barding Armor
28:00 Forging
27:47 Elite Battle Elephant
28:39 Husbandry
28:50 Bloodlines
29:16 Chain Barding Armor
30:30 Plate Barding Armor
30:31 Iron Casting
32:57 Blast Furnace
33:21 Capped Ram
34:05 Siege Ram
36:49 Double Crossbow
37:09 Conscription
38:12 Town Watch
GdN_Tio Roma
8:37 Loom
11:08 Feudal Age
16:30 Castle Age
14:53 Double-Bit Axe
15:08 Horse Collar
16:30 Forging
17:38 Husbandry
18:00 Fletching
25:11 Bloodlines
25:55 Pikeman
30:50 Imperial Age
28:54 Scale Barding Armor
30:24 Wheelbarrow
30:08 Town Watch
34:08 Conscription
36:15 Ballistics
38:59 Elite Organ Gun
40:06 Bodkin Arrow
40:12 Padded Archer Armor
43:15 Chemistry
42:25 Light Cavalry
43:56 Bracer
44:11 Leather Archer Armor
43:31 Cavalier
47:50 Halberdier
52:44 Gambesons
56:01 Iron Casting
55:27 Scale Mail Armor
55:48 Chain Barding Armor
新手村五四
10:12 Feudal Age
13:49 Castle Age
12:34 Double-Bit Axe
12:42 Horse Collar
14:03 Gold Mining
16:27 Loom
19:36 Town Watch
20:30 Wheelbarrow
23:17 Bow Saw
26:49 Imperial Age
24:53 Stone Mining
25:06 Heavy Plow
25:50 Scale Barding Armor
25:56 Forging
26:41 Hand Cart
26:17 Town Watch
28:06 Elite Monaspa
29:52 Chain Barding Armor
30:49 Iron Casting
32:15 Plate Barding Armor
32:26 Conscription
33:49 Blast Furnace
35:54 Husbandry
36:08 Bloodlines
40:51 Fletching
41:02 Padded Archer Armor
40:35 Light Cavalry
40:57 Elite Skirmisher
41:51 Bodkin Arrow
41:38 Hussar
43:32 Bracer
43:48 Leather Archer Armor
Connection lost

Rejoining the realm…

Still unreachable

The connection could not be restored.

Session expired

The server has moved on; the page needs a fresh start.